 Dungeon Crawl Stone Soup version 0.26.0-15-gc6cd9f700b (webtiles) character file.

Game seed: 3882258625994526297

2261 ythm the Grappler (level 9, -3/86 (88) HPs)
             Began as a Troll Hunter on Jan 16, 2021.
             Was a Follower of Okawaru.
             Slain by an orc warrior
             ... wielding a +0 broad axe
              (20 damage)
             ... on level 5 of the Dungeon.
             The game lasted 00:08:47 (4426 turns).

ythm the Grappler (Troll Hunter)                    Turns: 4426, Time: 00:08:48

HP:   -3/86 (88)    AC:  6    Str: 22    XL:     9   Next: 15%
MP:   8/8           EV: 10    Int:  7    God:    Okawaru [*.....]
Gold: 345           SH:  0    Dex: 13    Spells: 8/8 levels left

rFire    . . .     SeeInvis .     - Unarmed
rCold    . . .     Faith    .   (no shield)
rNeg     . . .     Spirit   .   z - +0 robe {Will+}
rPois    .         Reflect  .   (helmet restricted)
rElec    .         Harm     .   (no cloak)
rCorr    .         Rampage  .   (gloves unavailable)
Will     +....                  (boots unavailable)
Stlth    ++........             y - amulet of regeneration
HPRegen  1.04/turn              f - ring of stealth
MPRegen  0.11/turn              (no ring)

@: lightly drained
A: large, unfitting armour, claws 3, regeneration 1, shaggy fur 1, tough skin 3
a: Renounce Religion, Heroism


You were on level 5 of the Dungeon.
You worshipped Okawaru.
Okawaru was aware of your devotion.
You visited 2 branches of the dungeon, and saw 7 of its levels.
You also visited: Sewer.

You collected 345 gold pieces.

Inventory:

Missiles
 c - 5 large rocks (quivered)
 d - 2 throwing nets
Armour
 z - a +0 robe of willpower (worn)
Jewellery
 f - a ring of stealth (left claw)
 q - an uncursed amulet of the acrobat
 y - an amulet of regeneration (around neck)
Wands
 v - a wand of enslavement (8)
 w - a wand of random effects (18)
Scrolls
 e - 4 scrolls of remove curse {unknown}
 i - 6 scrolls of identify {unknown}
 j - 4 scrolls of teleportation {unknown}
 m - a scroll of fear {unknown}
 n - 2 scrolls of magic mapping {unknown}
 p - 3 scrolls of enchant armour {unknown}
 r - 2 scrolls of amnesia {unknown}
 s - a scroll of blinking {unknown}
 u - 3 scrolls of fog {unknown}
 x - a scroll of enchant weapon {unknown}
 A - a scroll of immolation {unknown}
Potions
 a - 6 potions of heal wounds {unknown}
 b - 2 potions of degeneration {unknown}
 g - 5 potions of curing {unknown}
 h - a potion of resistance {unknown}
 k - 3 potions of flight {unknown}
 l - 2 potions of berserk rage {unknown}
 o - 2 potions of might {unknown}
 t - a potion of attraction {unknown}


   Skills:
 + Level 5.3 Fighting
 + Level 6.6 Throwing
 - Level 1.5 Dodging
 - Level 0.3 Stealth
 * Level 8.6 Unarmed Combat


You had 8 spell levels left.
You didn't know any spells.
Your spell library contained the following spells:

 Spells                   Type           Power        Failure   Level
 Beastly Appendage        Tmut           0%           43%         1
 Wereblood                Tmut           0%           56%         2
 Spider Form              Tmut/Pois      0%           80%         3
 Ice Form                 Ice/Tmut       0%           99%         4
 Blade Hands              Tmut           0%           100%        5


Dungeon Overview and Level Annotations

Branches:
Dungeon (6/15)             Temple (1/1) D:5           Sewer (visited)

Altars:
Ashenzari
Cheibriados
Dithmenos
Elyvilon
Fedhas
Gozag
Hepliaklqana
Kikubaaqudgha
Makhleb
Nemelex Xobeh
Okawaru
Qazlal
Ru
Sif Muna
Trog
Uskayaw
Vehumet
Wu Jian
Xom
Yredelemnul
Zin
The Shining One


Innate Abilities, Weirdness & Mutations

You are too large for most types of armour.
You have claws for hands.
Your natural rate of healing is unusually fast.
You are covered in fur. (AC +1)
You have extremely tough skin. (AC +3)


Message History

Throw: 7 large rocks
Press: ? - help, Q - select action, (/) - cycle Shift-Dir - straight line, f/p - orc warrior
Aim: an orc warrior, wielding a +0 broad axe and wearing a cursed +0 chain mail (lightly wounded)
You throw a large rock. The large rock hits the orc warrior!
The orc warrior is severely wounded.
The orc warrior hits you with a +0 broad axe!
* * * LOW HITPOINT WARNING * * *
The orc warrior hits you with a +0 broad axe!
* * * LOW HITPOINT WARNING * * *
Unknown command.
Unknown command.
Unknown command.
Unknown command.
Throw: 6 large rocks
Press: ? - help, Q - select action, (/) - cycle Shift-Dir - straight line, f/p - orc warrior
Aim: an orc warrior, wielding a +0 broad axe and wearing a cursed +0 chain mail (severely wounded)
You throw a large rock. The large rock hits the orc warrior.
The orc warrior is almost dead.
The orc warrior hits you with a +0 broad axe!!
You die...

..## ##...รทรท........#
#...## ...#
###.............## #....#
...####....#####......#
##.... ...##....###
##.....# #.... ..##...###
#.....# ##... ####...#
##....# #... ...##..#
##....# ##.. .8.....####
#####.....## ##.
...#......###.(o@......##
##
######.....((......#....#
# ##########....###..##
## ##..## ##..# #. #..#
##.# ##. #..# ########8.
# ##.# #...#.. # #.##
#._.... # #..# #...#..


You could see an orc warrior.

Vanquished Creatures
  A two-headed ogre (D:4)
  Pikel (D:5)
  Edmund (D:5)
  An ogre (D:4)
  A centaur (D:5)
  3 big kobolds (Sewer)
  A centaur zombie (D:5)
  An orc priest (D:6)
  A jelly (D:5)
  6 orc wizards
  2 hounds
  Terence (D:2)
  2 worker ants
  A hound skeleton (D:4)
  A worker ant zombie (D:5)
  Robin (D:3)
  4 gnolls (D:3)
  8 adders
  A river rat (D:3)
  A shadow imp (D:5)
  An ooze (Sewer)
  An adder skeleton (D:6)
  A worm (D:3)
  2 dart slugs
  6 leopard geckos
  18 orcs
  4 giant cockroaches
  11 goblins
  12 hobgoblins
  7 jackals
  20 kobolds
  4 quokkas
  7 ball pythons
  8 bats
  3 frilled lizards
  13 rats
157 creatures vanquished.

Notes
Turn   | Place    | Note
-------+----------+-------------------------------------------
     0 | D:1      | ythm the Troll Hunter began the quest for the Orb.
     0 | D:1      | Reached XP level 1. HP: 19/19 MP: 0/0
    96 | D:1      | Reached skill level 1 in Unarmed Combat
   115 | D:1      | Reached XP level 2. HP: 28/28 MP: 1/1
   628 | D:2      | Reached XP level 3. HP: 28/35 MP: 2/2
   755 | D:2      | Reached skill level 2 in Unarmed Combat
   890 | D:2      | Noticed Terence
   910 | D:2      | Killed Terence
   911 | D:2      | Reached XP level 4. HP: 22/42 MP: 3/3
  1168 | D:2      | Found a shadowy altar of Dithmenos.
  1251 | D:2      | Reached skill level 3 in Unarmed Combat
  1404 | D:3      | Reached XP level 5. HP: 50/50 MP: 4/4
  1437 | D:3      | Found a glowing drain.
  1441 | Sewer    | Entered a sewer
  1530 | Sewer    | Reached skill level 4 in Unarmed Combat
  1530 | Sewer    | Reached XP level 6. HP: 23/59 MP: 5/5
  1877 | D:3      | Noticed Robin
  1935 | D:3      | Killed Robin
  1991 | D:3      | Reached skill level 5 in Unarmed Combat
  2014 | D:3      | Found a faded altar of an unknown god.
  2079 | D:3      | Reached XP level 7. HP: 28/67 MP: 6/6
  2166 | D:3      | Reached skill level 5 in Throwing
  2780 | D:4      | Noticed a two-headed ogre
  2831 | D:4      | Killed a two-headed ogre
  2832 | D:4      | Reached skill level 7 in Unarmed Combat
  2832 | D:4      | Reached XP level 8. HP: 40/79 MP: 7/7
  3437 | D:5      | Entered Level 5 of the Dungeon
  3572 | D:5      | Found a glowing golden altar of the Shining One.
  3907 | D:5      | Found a staircase to the Ecumenical Temple.
  3937 | Temple   | Entered the Ecumenical Temple
  3945 | Temple   | Became a worshipper of Warmaster Okawaru
  4008 | D:5      | Noticed Pikel
  4039 | D:5      | Killed Pikel
  4039 | D:5      | Reached * piety under Okawaru
  4040 | D:5      | Reached skill level 5 in Fighting
  4040 | D:5      | Reached skill level 8 in Unarmed Combat
  4040 | D:5      | Reached XP level 9. HP: 72/88 MP: 8/8
  4170 | D:5      | Noticed Edmund
  4184 | D:5      | Killed Edmund
  4426 | D:5      | Slain by an orc warrior

Illustrated notes

Levels and vault maps discovered:
D:1:      eino_arrival_water_star, layout_basic, minmay_crystal_room,
          minmay_misc_feat_encased
D:2:      layout_loops_cross, grunt_dithmenos_smoke, uniq_terence
D:3:      layout_loops_ring, gup_sewer_entry_bowl,
          chequers_ecumenical_altar_simple_redux, uniq_robin
D:4:      layout_gridville, minmay_misc_feat_hallway
D:5:      layout_layer_cave, minmay_temple_entry_antechambers,
          serial_park_tiny_2, nicolae_tso_carved_into_rock, uniq_edmund,
          uniq_pikel
D:6:      kennysheep_six_static_rooms, layout_basic, gammafunk_ghost_stat_death,
          serial_bayou_pond_a, uniq_blork_the_orc
Temple:   grunt_wide_crystal_templ

Skill      XL: |  1  2  3  4  5  6  7  8 |
---------------+-------------------------+-----
Unarmed Combat | 1 2 3 4 5 7 8 |  8.6
Fighting       | 2 3 4 5 |  5.3
Throwing       | 4 5 6 |  6.6
Dodging        | |  1.5
Stealth        | |  0.3

Action                   |  1- 3 |  4- 6 |  7- 9 || total
-------------------------+-------+-------+-------++-------
Melee: Unarmed           |    89 |   202 |   147 ||   438
       Punch             |     1 |     2 |     2 ||     5
Throw: Large rock        |     6 |     1 |     8 ||    15
 Stab: Sleeping          |     3 |     9 |     3 ||    15
Armor: Robe              |    46 |    88 |    24 ||   158
Dodge: Dodged            |    52 |   122 |    66 ||   240
